Map: Year Zero LE

Players

MaNa - Winner!

  • Race: Protoss Protoss
  • Spawn Location: 11:00

JonSnow

  • Race: Zerg Zerg
  • Spawn Location: 1:00

Event: 2019 WCS Spring

VOD

Have the link to the VOD?

Description

Time

  • Played on: May 17, 2019, 4:12 p.m.
  • Length: 21:18

All games in this series

Show
View Real Time Build Order
Export as new Build Order

MaNa Protoss - Winner!

Build Orders: Oracle Opening, Phoenix Opening, Archon Immortal, Archon Drop 

Get SALT Encoding   

  12  0:00  Probe  
  13  0:12  Probe  
  14  0:19  Pylon  
  14  0:24  Probe  
  15  0:33  Probe  
  15  0:41  Probe  
  15  0:42  Gateway  
  16  0:47  Assimilator  
  17  0:52  Probe  
  18  1:00  Probe  
  19  1:08  Probe  
  19  1:18  Probe  
  20  1:24  Pylon  
  21  1:29  Cybernetics Core  
  21  1:42  Probe  
  22  1:49  Nexus  
  22  1:55  Assimilator  
  22  1:56  Probe  
  22  1:57  Adept  
  23  2:08  Probe  
  26  2:13  Pylon  
  26  2:20  Probe  
  27  2:32  Stargate, Probe  
  27  2:35  Adept  
  30  2:37  Warp Gate  
  30  2:44  Probe  
  31  2:56  Probe  
  31  3:01  Probe  
  32  3:07  Phoenix  
  32  3:08  Probe  
  33  3:13  Probe  
  33  3:15  Gateway  
  36  3:20  Probe  
  36  3:25  Assimilator, Probe  
  38  3:30  Robotics Facility  
  38  3:31  Oracle  
  38  3:33  Probe  
  39  3:38  Probe  
  43  3:46  Assimilator, Probe  
  44  3:51  Pylon  
  44  3:54  Probe  
  45  4:02  Probe  
  46  4:05  Twilight Council  
  46  4:08  Warp Prism  
  46  4:09  Probe  
  47  4:17  Probe  
  47  4:18  Pylon  
  47  4:22  Probe  
  51  4:31  Gateway  
  51  4:33  Gateway  
  51  4:36  Probe  
  53  4:38  Probe  
  53  4:49  Charge, Templar Archives  
  53  4:53  Probe x2  
  55  5:05  Probe  
  57  5:07  Gateway  
  57  5:08  Gateway  
  57  5:10  Pylon  
  56  5:14  Zealot  
  56  5:16  Zealot  
  60  5:29  Pylon  
  60  5:31  High Templar  
  60  5:32  High Templar x3  
  68  5:36  Archon x2  
  68  5:41  Nexus  
  68  5:51  Observer  
  68  5:53  Pylon  
  69  6:04  Zealot x4  
  73  6:08  Pylon  
  77  6:11  Pylon  
  77  6:17  Warp Prism  
  79  6:24  Zealot x3  
  85  6:35  Probe x2  
  85  6:39  Pylon  
  87  6:54  Zealot x4  
  87  6:55  Zealot x2  
  87  6:59  Immortal  
  99  7:03  Probe  
  99  7:04  Probe  
  83  7:18  High Templar x2  
  83  7:19  High Templar x4  
  91  7:23  Archon  
  91  7:24  Archon x2  
  91  7:26  Immortal  
  91  7:27  Probe x3  
  90  7:31  Robotics Facility  
  90  7:39  Probe x2  
  90  7:42  Probe  
  97  7:51  Sentry x3, Probe  
  97  7:52  Zealot x3, Probe  
  97  7:54  Probe  
  112  8:02  Pylon  
  112  8:03  Probe  
  112  8:04  Probe  
  114  8:06  Probe  
  114  8:10  Shield Battery  
  114  8:12  Shield Battery  
  115  8:13  Sentry x2  
  115  8:16  Probe  
  115  8:19  Immortal  
  123  8:27  Zealot x4  
  131  8:37  Pylon  
  135  8:55  Immortal  
  135  8:57  Zealot x3  
  135  9:00  Pylon  
  135  9:02  Pylon  
  140  9:13  Immortal  
  139  9:20  Zealot x4  
  139  9:21  Zealot x2  
  139  9:22  Probe  
  150  9:28  Phoenix  
  150  9:30  Stargate  
  151  9:33  Assimilator  
  151  9:34  Assimilator  
  151  9:43  Zealot x3  
  151  9:44  Psionic Storm  
  157  9:48  Shield Battery  
  157  9:49  Shield Battery  
  157  9:51  Shield Battery  
  157  10:06  Pylon  
  157  10:24  Observer  
  156  10:29  High Templar x4  
  131  10:44  Immortal  
  117  10:58  High Templar x2  
  117  10:59  Immortal  
  117  11:02  Sentry x2  
  117  11:03  Zealot, Sentry  
  127  11:12  Nexus  
  127  11:15  Pylon  
  127  11:23  Immortal  
  125  11:27  Zealot x2  
  125  11:28  Zealot x2  
  137  11:38  Immortal  
  141  11:41  Zealot x2  
  142  11:47  Forge  
  142  11:48  Zealot x2  
  142  11:49  Zealot x2, Forge  
  146  11:56  Observer  
  147  12:10  High Templar x2  
  147  12:11  High Templar x2  
  147  12:15  Zealot x2  
  157  12:16  Protoss Ground Weapons Level 1  
  157  12:17  Protoss Ground Armor Level 1  
  157  12:19  Immortal  
  157  12:31  Stalker  
  157  12:32  Stalker  
  149  12:49  Immortal  
  153  12:53  Zealot x3, Archon  
  153  12:54  Zealot  
  153  12:55  Zealot x2  
  165  12:59  Probe x3  
  165  13:00  Immortal  
  172  13:19  Immortal  
  145  13:21  Archon  
  113  13:29  High Templar x4  
  105  13:35  Immortal  
  105  13:36  Zealot  
  105  13:37  Zealot  
  109  13:43  Probe x2  
  109  13:44  Probe  
  109  13:48  Void Ray  
  120  13:51  Shield Battery  
  120  13:52  Photon Cannon  
  120  13:57  Oracle  
  120  14:00  Zealot x2  
  120  14:02  Zealot x3  
  126  14:13  Zealot  
  127  14:23  Sentry x3  
  130  14:28  Probe  
  129  14:37  Protoss Ground Armor Level 2, Immortal, Protoss Ground Weapons Level 2  
  127  14:40  Assimilator, Probe x4  
  127  14:41  Assimilator  
  135  14:52  Probe  
  130  14:53  Zealot, High Templar x2  
  130  14:54  Zealot  
  138  15:03  Zealot x2  
  142  15:07  Blink  
  140  15:24  Zealot x3  
  136  15:28  Fleet Beacon  
  136  15:34  Observer, Warp Prism  
  139  15:40  Zealot  
  141  15:44  Protoss Air Weapons Level 1  
  141  15:55  High Templar x4  
  149  15:57  Zealot  
  149  16:01  Tempest  
  148  16:05  Stargate  
  148  16:08  Tempest  
  151  16:24  Zealot x2, Probe x2  
  162  16:26  Archon  
  162  16:42  Tempest  
  162  16:43  Probe x2  
  162  16:46  Tempest x2  
  175  17:03  Pylon  
  175  17:05  Pylon  
  173  17:14  Nexus  
  165  17:27  Observer  
  165  17:28  Observer  
  167  17:30  Photon Cannon  
  167  17:32  Pylon  
  167  17:33  Photon Cannon  
  167  17:34  Shield Battery  
  165  17:51  Protoss Ground Weapons Level 3  
  165  17:57  Void Ray x2  
  173  18:00  Protoss Air Weapons Level 2  
  173  18:01  Protoss Ground Armor Level 3, Pylon  
  173  18:05  Assimilator  
  173  18:06  Observer  
  173  18:10  Assimilator  
  173  18:11  Zealot x4  
  171  18:34  Observer  
  171  18:40  Zealot x6  
  172  19:02  Void Ray x2  
  172  19:03  Void Ray  
  176  19:12  Stalker x5  
  174  19:43  High Templar  
  174  19:44  High Templar x2  
  177  19:55  Zealot x3  
  177  19:58  Warp Prism x2  
  187  20:01  Oracle  
  190  20:14  Observer, Gateway  
  188  20:15  Gateway  
  188  20:16  Gateway  
  188  20:19  Stalker x6  
  154  21:04  Zealot x6  
Show
View Real Time Build Order
Export as new Build Order

JonSnow Zerg 

Build Orders: Hatch First 

Get SALT Encoding   

  12  0:01  Drone  
  13  0:13  Overlord  
  13  0:19  Drone  
  14  0:32  Drone x2  
  16  0:43  Drone  
  17  0:53  Drone  
  18  0:58  Hatchery  
  18  1:03  Drone  
  18  1:07  Extractor  
  17  1:16  Spawning Pool  
  16  1:22  Drone  
  16  1:24  Drone  
  18  1:28  Drone  
  19  1:40  Drone  
  20  2:03  Zergling x4  
  22  2:09  Metabolic Boost, Queen  
  22  2:10  Queen  
  22  2:15  Drone  
  27  2:19  Overlord  
  27  2:21  Drone  
  28  2:40  Drone  
  28  2:43  Drone x3  
  32  2:48  Hatchery  
  31  2:55  Queen  
  33  3:00  Overlord  
  33  3:03  Drone  
  34  3:05  Drone  
  34  3:09  Zergling x2  
  36  3:20  Drone x4  
  36  3:21  Zergling x4  
  36  3:24  Overlord  
  42  3:30  Drone x2  
  44  3:43  Overlord, Queen  
  44  3:45  Drone x3  
  44  3:48  Spore Crawler  
  48  4:01  Overlord  
  48  4:03  Drone x5  
  48  4:07  Spore Crawler  
  52  4:11  Drone x3  
  52  4:12  Drone  
  52  4:14  Drone  
  56  4:17  Drone  
  56  4:20  Drone  
  56  4:22  Drone  
  56  4:23  Drone  
  60  4:30  Drone  
  61  4:32  Drone  
  61  4:36  Extractor x2, Drone x2  
  62  4:38  Roach Warren  
  62  4:40  Drone x2  
  62  4:42  Drone  
  62  4:43  Spore Crawler  
  62  4:44  Drone x3  
  65  4:54  Lair  
  65  5:10  Overlord x2, Extractor  
  65  5:11  Overlord  
  64  5:15  Drone  
  65  5:21  Overlord  
  65  5:25  Overlord  
  65  5:27  Overlord x2, Queen  
  67  5:33  Roach  
  67  5:34  Roach x7  
  83  5:41  Drone  
  84  5:43  Evolution Chamber, Roach x4  
  84  5:48  Roach x4  
  99  5:54  Overlord x2  
  98  5:57  Glial Reconstitution  
  96  6:04  Roach x2  
  96  6:08  Overlord  
  96  6:09  Drone  
  101  6:20  Zerg Missile Weapons Level 1  
  101  6:21  Drone x2  
  101  6:25  Drone  
  103  6:26  Drone x3  
  103  6:28  Roach x3  
  112  6:35  Roach  
  112  6:37  Overlord  
  112  6:38  Roach  
  116  6:43  Roach  
  116  6:47  Overlord  
  118  6:48  Ravager x2  
  118  6:50  Roach x4  
  127  7:04  Roach x5  
  133  7:11  Roach x3  
  127  7:18  Roach x4  
  127  7:19  Roach  
  134  7:23  Roach x2  
  138  7:32  Roach  
  138  7:33  Roach x3  
  146  7:39  Roach  
  146  7:40  Roach  
  146  7:41  Overlord  
  146  7:42  Overlord x2, Extractor  
  149  7:48  Roach  
  149  7:50  Roach x2  
  155  7:56  Zergling x8  
  159  8:00  Zergling x2  
  159  8:01  Zergling x6  
  159  8:03  Ravager x2  
  165  8:06  Zergling x2  
  165  8:07  Zergling x2  
  165  8:08  Ravager  
  165  8:10  Zergling x2  
  169  8:13  Zergling x6  
  169  8:14  Ravager  
  169  8:17  Zergling x4  
  172  8:24  Extractor  
  172  8:25  Zergling x8  
  172  8:27  Hydralisk Den  
  172  8:29  Zergling x4  
  172  8:33  Drone x3  
  173  8:34  Pneumatized Carapace  
  173  8:38  Drone  
  171  8:45  Drone x5  
  171  8:47  Zerg Missile Weapons Level 2  
  173  8:50  Drone  
  173  8:53  Hatchery  
  173  8:55  Drone x4  
  168  8:56  Drone  
  168  9:01  Overlord  
  170  9:03  Grooved Spines  
  168  9:16  Hydralisk x6  
  153  9:26  Hydralisk x2  
  153  9:30  Hydralisk  
  151  9:36  Drone  
  152  9:40  Hydralisk x3  
  158  9:46  Overseer  
  158  9:47  Overlord  
  158  9:51  Hydralisk x3  
  158  9:52  Zergling x8  
  168  9:55  Hydralisk  
  170  10:04  Hydralisk  
  170  10:05  Hydralisk x2  
  176  10:09  Ravager  
  176  10:10  Zergling x4  
  176  10:11  Zergling x16  
  187  10:16  Hydralisk x2  
  187  10:18  Extractor  
  189  10:21  Hydralisk  
  189  10:22  Hydralisk  
  189  10:27  Ravager  
  189  10:28  Hydralisk  
  188  10:37  Hydralisk x3  
  188  10:38  Zergling x4  
  188  10:39  Zergling x10  
  168  10:44  Hydralisk  
  147  10:52  Hydralisk  
  147  10:53  Hydralisk x2  
  147  10:54  Zergling x2  
  147  11:04  Drone x4  
  146  11:18  Hydralisk  
  146  11:19  Hydralisk x3  
  154  11:26  Extractor, Zergling x16  
  161  11:33  Hydralisk  
  161  11:34  Hydralisk x3  
  166  11:45  Zergling x2  
  166  11:46  Zergling x10  
  171  11:53  Muscular Augments  
  171  11:54  Roach x6  
  180  12:02  Roach  
  180  12:03  Roach x4  
  189  12:20  Ravager x3  
  189  12:21  Ravager  
  193  12:23  Hydralisk  
  193  12:24  Zergling x10  
  184  12:45  Hydralisk x7  
  184  12:46  Zergling x20  
  184  12:47  Zergling x2  
  187  12:56  Hydralisk x2  
  187  12:58  Overseer  
  191  13:03  Infestation Pit  
  186  13:09  Hydralisk x6  
  196  13:17  Hydralisk x5  
  185  13:21  Hydralisk x2  
  185  13:26  Roach x2  
  160  13:30  Roach x2  
  160  13:34  Hydralisk x2  
  148  13:36  Zergling x2  
  148  13:39  Roach  
  155  13:45  Roach x3  
  155  13:48  Ravager x2  
  163  13:54  Hive  
  167  13:55  Roach x2  
  167  14:02  Roach x3  
  173  14:08  Roach x2  
  168  14:12  Zergling x2  
  168  14:13  Zergling x6  
  152  14:25  Drone, Spire  
  152  14:26  Drone x5  
  157  14:42  Zerg Melee Weapons Level 1  
  157  14:48  Hydralisk x2  
  157  14:50  Hatchery  
  159  15:02  Infestor x3  
  165  15:10  Spore Crawler  
  165  15:11  Spine Crawler  
  161  15:22  Extractor  
  161  15:26  Extractor  
  143  15:29  Hydralisk x12  
  167  15:39  Greater Spire  
  167  15:42  Corruptor x3  
  165  15:46  Corruptor  
  171  15:50  Corruptor  
  171  15:55  Corruptor  
  173  16:04  Corruptor x2  
  173  16:09  Overlord x2  
  174  16:21  Corruptor x2  
  178  16:29  Overseer  
  178  16:50  Brood Lord x7  
  192  17:00  Brood Lord x2  
  196  17:10  Brood Lord  
  196  17:14  Corruptor  
  198  17:24  Overseer x2  
  198  17:37  Corruptor  
  200  17:55  Zerg Flyer Armor Level 1  
  200  18:01  Hatchery  
  200  18:02  Spore Crawler  
  200  18:03  Brood Lord  
  200  18:06  Spore Crawler  
  196  18:20  Corruptor  
  196  18:21  Corruptor x3  
  178  18:35  Pathogen Glands  
  178  18:39  Brood Lord  
  180  18:43  Drone x3  
  183  18:55  Corruptor x8  
  185  19:00  Hatchery  
  196  19:10  Infestor x2  
  200  19:20  Hatchery  
  199  19:25  Overlord x2  
  195  19:39  Overlord x2  
  195  19:44  Hatchery  
  187  19:47  Infestor x2  
  187  19:48  Infestor x2  
  195  19:58  Overlord x2  
  195  20:13  Spore Crawler  
  194  20:16  Spore Crawler, Brood Lord  
  194  20:17  Spore Crawler  
  194  20:24  Zergling x2  
  194  20:27  Infestor x2  
  179  20:45  Corruptor x3  
Tags
 
Add a new tag
Caveats
  • Supply blocks, unpowered buildings, or Contaminate may cause inaccurate times.
  • Supply counts are checked every 10 seconds.